Predators vs RedWings

Created - Thursday, January 22, 2015 at 00:01

Goals
1 2 3 T
Predators 0 1 0 1
RedWings 1 1 3 5
Shots
1 2 3 T
Predators 5 12 7 24
RedWings 11 10 20 41

1st period

1. RedWings , Travis Moen 2 (Jannik Hansen) at 2:07

Penalties :
Milan Michalek (Det) for Roughing (Minor) at 3:36

2nd period

2. Predators , Patrice Bergeron 18 (Valtteri Filppula, Andy Greene) at 5:51
3. RedWings , Alex Goligoski 11 (Nick Leddy, Stephane Veilleux) at 12:20

Penalties :
Andy Greene (Nsh) for High sticking (Minor) at 3:18, Alexei Emelin (Det) for Interference (Minor) at 8:04

3rd period

4. RedWings , Alexei Emelin 10 (Jannik Hansen, Brandon Prust) at 4:23 (PP)
5. RedWings , Alexei Emelin 11 (Douglas Murray, Zac Rinaldo) at 7:44
6. RedWings , Johnny Boychuk 10 (Alex Goligoski, Brandon Prust) at 13:34 (PP)

Penalties :
Brian Lashoff (Nsh) for Interference (Minor) at 3:45, Brandon Prust (Det) for Hooking (Minor) at 7:59, Evander Kane (Nsh) for Hooking (Minor) at 13:04, Corey Perry (Nsh) for Tripping (Minor) at 16:44, Justin Abdelkader (Det) for Hooking (Minor) at 19:15

Goalie Stats

Kari Lehtonen (Nsh), 24 saves from 28 shots - (0.857), L, 27-12-3, 36:33 minutes
Anders Lindback (Nsh), 12 saves from 13 shots - (0.923), 23:27 minutes
Jonas Hiller (Det), 23 saves from 24 shots - (0.958), W, 11-21-2, 60:00 minutes

Players Stats for Predators

Player Name              G  A  P  +/- PIM S  H  SB GA TA FO     MP     PP MP  PK MP  
------------------------------------------------------------------------------------
Andy Greene              0  1  1   0  2   1  1  3  0  0  0/0    24:10   2:18   1:13 
Antoine Vermette         0  0  0  -1  0   1  0  2  1  0  13/18  20:07   3:43   1:43 
Ben Smith                0  0  0   0  0   0  0  0  0  0  0/0     0:00   0:00   0:00 
Brian Lashoff            0  0  0  -1  2   0  0  3  0  0  0/0    11:30   0:00   0:00 
Cody Eakin               0  0  0   0  0   1  0  1  1  1  0/0     8:20   0:00   1:13 
Corey Perry              0  0  0   1  2   2  2  1  1  0  0/3    22:50   3:43   0:00 
Damien Brunner           0  0  0  -1  0   0  1  0  0  0  0/1    14:16   0:00   0:00 
Ed Jovanovski            0  0  0   0  0   1  0  1  0  2  0/0    16:04   0:00   0:00 
Eric Fehr                0  0  0  -2  0   1  2  1  1  0  6/12   16:43   2:58   0:00 
Evander Kane             0  0  0  -1  2   3  3  0  3  0  0/0    21:44   2:58   3:22 
Matt Halischuk           0  0  0  -2  0   2  0  0  0  0  1/1    12:38   0:00   0:00 
Nick Schultz             0  0  0  -1  0   3  2  2  0  1  0/0    18:01   2:18   1:13 
Patrice Bergeron         1  0  1   1  0   3  1  0  1  0  13/18  17:08   2:58   0:00 
Patrick Maroon           0  0  0  -2  0   1  3  0  3  0  0/1    12:38   0:00   0:00 
Tomas Plekanec           0  0  0   0  0   0  1  1  0  0  6/9    11:15   0:00   3:52 
Trevor Daley             0  0  0  -1  0   2  1  2  1  1  0/0    28:26   4:23   3:52 
Valtteri Filppula        0  1  1   1  0   1  1  0  1  1  2/2    16:46   3:43   0:00 
Victor Bartley           0  0  0  -1  0   2  1  1  0  1  0/0    22:10   4:23   3:52 

Players Stats for RedWings

Player Name              G  A  P  +/- PIM S  H  SB GA TA FO     MP     PP MP  PK MP  
------------------------------------------------------------------------------------
Alex Goligoski           1  1  2   1  0   7  2  2  1  3  0/0    28:06   2:12   4:09 
Alexei Emelin            2  0  2   2  2   3  2  4  0  2  0/0    20:14   2:53   1:33 
Brandon Prust            0  2  2   1  2   2  3  0  0  0  8/19   19:49   2:44   0:48 
Bryan Bickell            0  0  0   0  0   3  2  0  0  0  0/1    13:26   0:00   0:00 
David Moss               0  0  0   0  0   1  0  0  1  1  1/2    16:32   2:21   1:15 
Douglas Murray           0  1  1   2  0   2  0  3  0  1  0/0    20:42   2:53   2:32 
Eric Gryba               0  0  0  -1  0   0  0  2  0  2  0/0    12:10   0:00   0:59 
Jannik Hansen            0  2  2   1  0   4  0  0  3  0  0/2    20:23   2:44   1:15 
Jason Demers             0  0  0  -1  0   2  0  0  0  0  0/0    11:11   0:00   0:00 
Jesse Joensuu            0  0  0   1  0   1  0  0  0  0  0/0     6:30   0:00   0:28 
Johnny Boychuk           1  0  1   0  0   1  2  0  0  2  0/0    23:55   2:12   4:09 
Justin Abdelkader        0  0  0   0  2   3  0  0  3  0  5/19   19:23   2:21   4:42 
Milan Michalek           0  0  0   1  2   1  0  0  0  0  5/7    24:07   2:21   3:24 
Nick Leddy               0  1  1   1  0   1  0  1  0  0  0/0     4:11   0:00   0:00 
Stephane Veilleux        0  1  1   1  0   3  1  0  0  0  0/0     6:02   0:00   0:00 
Travis Moen              1  0  1   1  0   3  1  0  0  1  0/1    18:07   2:44   0:00 
Zac Rinaldo              0  1  1   0  0   4  3  0  0  0  1/1    14:56   0:00   1:30 
Zenon Konopka            0  0  0   0  0   0  1  1  0  0  4/13   13:26   0:00   0:00 

3 Stars

1 - Alexei Emelin (Det)
2 - Alex Goligoski (Det)
3 - Jonas Hiller (Det)

Power Play

Predators - 0 on 4 Attempt(s) - 0.00%
RedWings - 2 on 4 Attempt(s) - 50.00%

Penalty Kill

Predators - 2 on 4 Attempt(s) - 50.00% - Score 0 goal in Penalty Kill
RedWings - 4 on 4 Attempt(s) - 100.00% - Score 0 goal in Penalty Kill

Team Stat

Predators - Hits : 19 - Faceoff Wins : 41 - Blocked Shots : 18 - Penalty Minutes : 8
RedWings - Hits : 17 - Faceoff Wins : 24 - Blocked Shots : 13 - Penalty Minutes : 8

Official

Referees : Unknown
Linesman : Unknown

Game Notes

Anders Lindback is injured at 3:27 of 2nd period (Back)
Kari Lehtonen enters game at 3:27 of 2nd period

Finance

Level 1 -- Attendance: 4161 (69.35%) -- Ticket Income $374,490
Level 2 -- Attendance: 3401 (68.02%) -- Ticket Income $197,258
Level 3 -- Attendance: 1903 (95.15%) -- Ticket Income $57,090
Level 4 -- Attendance: 2858 (71.45%) -- Ticket Income $54,302
Luxury Box -- Attendance: 995 (99.50%) -- Ticket Income $179,100
Game was played at the Joe Louis Arena'
Total Attendance: 13318 (73.99%)
Total Ticket Income: $862,240
Other Income: $422,498
Total Income: $1,284,738

Predators

5 vs 5 Forward 
   Center                   Left Wing                Right Wing               Time % Phy DF OF 
 1 Patrice Bergeron         Valtteri Filppula        Corey Perry              31     0   2  3  
 2 Antoine Vermette         Evander Kane             Damien Brunner           31     2   1  2  
 3 Eric Fehr                Patrick Maroon           Matt Halischuk           19     0   4  1  
 4 Tomas Plekanec           Cody Eakin               Corey Perry              19     0   1  4  

5 vs 5 Defense 
   Defense                  Defense                                           Time % Phy DF OF 
 1 Andy Greene              Ed Jovanovski                                     37     1   3  1  
 2 Nick Schultz             Trevor Daley                                      33     1   3  1  
 3 Victor Bartley           Brian Lashoff                                     15     1   4  0  
 4 Trevor Daley             Andy Greene                                       15     1   3  1  

PowerPlay Forward 
   Center                   Left Wing                Right Wing               Time % Phy DF OF 
 1 Antoine Vermette         Valtteri Filppula        Corey Perry              60     0   1  4  
 2 Patrice Bergeron         Evander Kane             Eric Fehr                40     1   1  3  

PowerPlay Defense
   Defense                  Defense                                           Time % Phy DF OF 
 1 Victor Bartley           Trevor Daley                                      65     1   1  3  
 2 Nick Schultz             Andy Greene                                       35     1   2  2  

Penalty Kill 4 Players Forward 
   Center                   Wing                     Time % Phy DF OF 
 1 Tomas Plekanec           Evander Kane             55     1   3  1  
 2 Antoine Vermette         Cody Eakin               45     1   3  1  

Penalty Kill 4 Players Defense
   Defense                  Defense                  Time % Phy DF OF 
 1 Trevor Daley             Victor Bartley           55     1   3  1  
 2 Nick Schultz             Andy Greene              45     1   4  0  

Penalty Kill - 3 Players Forward 
   Forward                                           Time % Phy DF OF 
 1 Tomas Plekanec                                    50     1   4  0  
 2 Antoine Vermette                                  50     1   4  0  

Penalty Kill - 3 Players Defense
   Defense                  Defense                  Time % Phy DF OF 
 1 Trevor Daley             Brian Lashoff            55     2   3  0  
 2 Nick Schultz             Andy Greene              45     2   3  0  

4 vs 4 Forward 
   Center                   Wing                     Time % Phy DF OF 
 1 Patrice Bergeron         Corey Perry              50     1   2  2  
 2 Valtteri Filppula        Evander Kane             50     1   2  2  

4 vs 4 Defense
   Defense                  Defense                  Time % Phy DF OF 
 1 Trevor Daley             Ed Jovanovski            55     1   2  2  
 2 Nick Schultz             Andy Greene              45     1   2  2  

Last Minutes Offensive
   Center                   Left Wing                Right Wing               Defense                  Defense                  
   Patrice Bergeron         Valtteri Filppula        Corey Perry              Andy Greene              Trevor Daley             

Last Minutes Defensive
   Center                   Left Wing                Right Wing               Defense                  Defense                  
   Antoine Vermette         Evander Kane             Corey Perry              Andy Greene              Trevor Daley             

Goaltenders
Starting : Anders Lindback          
Backup : Kari Lehtonen            

Extra Forwards
Normal : Patrice Bergeron, Corey Perry, Tomas Plekanec - PP : Tomas Plekanec, Cody Eakin - PK : Antoine Vermette
Extra Defensemen
Normal : Trevor Daley, Andy Greene, Nick Schultz - PP : Victor Bartley - PK : Trevor Daley, Victor Bartley
Penalty Shots
Patrice Bergeron, Eric Fehr, Corey Perry, Valtteri Filppula, Antoine Vermette

RedWings

5 vs 5 Forward 
   Center                   Left Wing                Right Wing               Time % Phy DF OF 
 1 Justin Abdelkader        Milan Michalek           David Moss               35     1   2  2  
 2 Brandon Prust            Jannik Hansen            Travis Moen              30     1   2  2  
 3 Zenon Konopka            Bryan Bickell            Zac Rinaldo              22     1   2  2  
 4 Milan Michalek           Stephane Veilleux        Jesse Joensuu            13     1   2  2  

5 vs 5 Defense 
   Defense                  Defense                                           Time % Phy DF OF 
 1 Alex Goligoski           Johnny Boychuk                                    35     1   2  2  
 2 Douglas Murray           Alexei Emelin                                     30     1   2  2  
 3 Jason Demers             Eric Gryba                                        22     1   2  2  
 4 Nick Leddy               Alex Goligoski                                    13     1   2  2  

PowerPlay Forward 
   Center                   Left Wing                Right Wing               Time % Phy DF OF 
 1 Justin Abdelkader        Milan Michalek           David Moss               60     1   2  2  
 2 Brandon Prust            Jannik Hansen            Travis Moen              40     1   2  2  

PowerPlay Defense
   Defense                  Defense                                           Time % Phy DF OF 
 1 Alex Goligoski           Johnny Boychuk                                    60     1   2  2  
 2 Douglas Murray           Alexei Emelin                                     40     1   2  2  

Penalty Kill 4 Players Forward 
   Center                   Wing                     Time % Phy DF OF 
 1 Milan Michalek           Justin Abdelkader        60     1   2  2  
 2 David Moss               Jannik Hansen            40     1   2  2  

Penalty Kill 4 Players Defense
   Defense                  Defense                  Time % Phy DF OF 
 1 Alex Goligoski           Johnny Boychuk           60     1   2  2  
 2 Douglas Murray           Alexei Emelin            40     1   2  2  

Penalty Kill - 3 Players Forward 
   Forward                                           Time % Phy DF OF 
 1 David Moss                                        60     1   2  2  
 2 Justin Abdelkader                                 40     1   2  2  

Penalty Kill - 3 Players Defense
   Defense                  Defense                  Time % Phy DF OF 
 1 Alex Goligoski           Johnny Boychuk           60     1   2  2  
 2 Douglas Murray           Alexei Emelin            40     1   2  2  

4 vs 4 Forward 
   Center                   Wing                     Time % Phy DF OF 
 1 Travis Moen              Justin Abdelkader        60     1   2  2  
 2 David Moss               Jannik Hansen            40     1   2  2  

4 vs 4 Defense
   Defense                  Defense                  Time % Phy DF OF 
 1 Alex Goligoski           Johnny Boychuk           60     1   2  2  
 2 Douglas Murray           Alexei Emelin            40     1   2  2  

Last Minutes Offensive
   Center                   Left Wing                Right Wing               Defense                  Defense                  
   Justin Abdelkader        Milan Michalek           David Moss               Alex Goligoski           Johnny Boychuk           

Last Minutes Defensive
   Center                   Left Wing                Right Wing               Defense                  Defense                  
   Justin Abdelkader        Milan Michalek           David Moss               Alex Goligoski           Johnny Boychuk           

Goaltenders
Starting : Jonas Hiller             
Backup : Martin Jones             

Extra Forwards
Normal : Bryan Bickell, Zenon Konopka, Zac Rinaldo - PP : Bryan Bickell, Zenon Konopka - PK : Zac Rinaldo
Extra Defensemen
Normal : Jason Demers, Eric Gryba, Nick Leddy - PP : Jason Demers - PK : Eric Gryba, Nick Leddy
Penalty Shots
Bryan Bickell, Justin Abdelkader, David Moss, Jannik Hansen, Travis Moen

% Time on Ice - Predators

Lines # - Real PCT - Wanted PCT - Time Play
Normal Forward
1 - 27% - 31% - 13:05
2 - 33% - 31% - 15:48
3 - 26% - 19% - 12:38
4 - 14% - 19% - 6:42
Normal Defense
1 - 38% - 37% - 18:28
2 - 30% - 33% - 14:30
3 - 24% - 15% - 11:31
4 - 8% - 15% - 3:44
PP Forward
1 - 56% - 60% - 3:43
2 - 44% - 40% - 2:58
PP Defense
1 - 66% - 65% - 4:23
2 - 34% - 35% - 2:18
PK Forward
1 - 76% - 55% - 3:53
2 - 24% - 45% - 1:13
PK Defense
1 - 76% - 55% - 3:53
2 - 24% - 45% - 1:13
PK3 Forward
1 - 0% - 50%
2 - 0% - 50%
PK3 Defense
1 - 0% - 55%
2 - 0% - 45%
44 Forward
1 - 0% - 50%
2 - 0% - 50%
44 Defense
1 - 0% - 55%
2 - 0% - 45%
Last Minute Offensive  - 0:00
Last Minute Defensive  - 0:00
Total
Forward - 60:00
Defense - 60:00

% Time on Ice - RedWings

Lines # - Real PCT - Wanted PCT - Time Play
Normal Forward
1 - 26% - 35% - 12:21
2 - 34% - 30% - 16:24
3 - 28% - 22% - 13:26
4 - 13% - 13% - 6:02
Normal Defense
1 - 36% - 35% - 17:34
2 - 32% - 30% - 15:17
3 - 23% - 22% - 11:11
4 - 9% - 13% - 4:11
PP Forward
1 - 46% - 60% - 2:22
2 - 54% - 40% - 2:44
PP Defense
1 - 43% - 60% - 2:13
2 - 57% - 40% - 2:53
PK Forward
1 - 81% - 60% - 5:26
2 - 19% - 40% - 1:15
PK Defense
1 - 62% - 60% - 4:09
2 - 38% - 40% - 2:32
PK3 Forward
1 - 0% - 60%
2 - 0% - 40%
PK3 Defense
1 - 0% - 60%
2 - 0% - 40%
44 Forward
1 - 0% - 60%
2 - 0% - 40%
44 Defense
1 - 0% - 60%
2 - 0% - 40%
Last Minute Offensive  - 0:00
Last Minute Defensive  - 0:00
Total
Forward - 60:00
Defense - 60:00

Play by Play

1st period


0:01 of 1st period - Patrice Bergeron wins face-off versus Justin Abdelkader in neutral zone.
0:16 of 1st period - Snap shot by Patrice Bergeron.
0:16 of 1st period - Stopped by Jonas Hiller without a rebound.
0:17 of 1st period - Patrice Bergeron wins face-off versus David Moss in RedWings zone.
1:45 of 1st period - Icing by Justin Abdelkader.
1:46 of 1st period - Matt Halischuk wins face-off versus Justin Abdelkader in RedWings zone.
2:05 of 1st period - Snap shot by Jannik Hansen.
2:05 of 1st period - Shot Blocked by Brian Lashoff.
2:07 of 1st period - Wrist shot by Travis Moen.
2:07 of 1st period - Goal by Travis Moen - Predators : 0 - RedWings : 1.
2:08 of 1st period - Tomas Plekanec wins face-off versus Zenon Konopka in neutral zone.
2:11 of 1st period - Slapshot by Corey Perry.
2:11 of 1st period - Shot Misses the Net.
2:17 of 1st period - Slapshot by Jason Demers.
2:17 of 1st period - Shot Blocked by Cody Eakin.
2:19 of 1st period - Slapshot by Jason Demers.
2:19 of 1st period - Stopped by Anders Lindback without a rebound.
2:20 of 1st period - Tomas Plekanec wins face-off versus Zenon Konopka in Predators zone.
2:29 of 1st period - Snap shot by Cody Eakin.
2:29 of 1st period - Shot Misses the Net.
2:45 of 1st period - Slapshot by Bryan Bickell.
2:45 of 1st period - Stopped by Anders Lindback without a rebound.
2:46 of 1st period - Brandon Prust wins face-off versus Antoine Vermette in Predators zone.
2:50 of 1st period - Icing by Brian Lashoff.
2:51 of 1st period - Antoine Vermette wins face-off versus Jannik Hansen in Predators zone.
3:03 of 1st period - Slapshot by Damien Brunner.
3:03 of 1st period - Shot Misses the Net.
3:05 of 1st period - Snap shot by Evander Kane.
3:05 of 1st period - Stopped by Jonas Hiller without a rebound.
3:06 of 1st period - Brandon Prust wins face-off versus Antoine Vermette in RedWings zone.
3:11 of 1st period - Wrist shot by Brandon Prust.
3:11 of 1st period - Shot Blocked by Brian Lashoff.
3:33 of 1st period - Snap shot by Evander Kane.
3:33 of 1st period - Stopped by Jonas Hiller without a rebound.
3:34 of 1st period - Milan Michalek wins face-off versus Patrice Bergeron in RedWings zone.
3:36 of 1st period - Minor Penalty to Milan Michalek for Roughing.
3:37 of 1st period - Zac Rinaldo wins face-off versus Antoine Vermette in RedWings zone.
4:29 of 1st period - Trevor Daley is hit by Johnny Boychuk and loses puck.
5:36 of 1st period - Penalty to Milan Michalek is over, Milan Michalek is back on ice.
5:38 of 1st period - Snap shot by Patrice Bergeron.
5:38 of 1st period - Shot Blocked by Alex Goligoski.
5:53 of 1st period - Brandon Prust is hit by Trevor Daley and loses puck.
6:12 of 1st period - Backhand shot by Zac Rinaldo.
6:12 of 1st period - Stopped by Anders Lindback with a rebound.
6:39 of 1st period - Icing by Trevor Daley.
6:40 of 1st period - Milan Michalek wins face-off versus Corey Perry in Predators zone.
6:55 of 1st period - Snap shot by Stephane Veilleux.
6:55 of 1st period - Shot Blocked by Victor Bartley.
6:57 of 1st period - Snap shot by Stephane Veilleux.
6:57 of 1st period - Shot Blocked by Tomas Plekanec.
6:59 of 1st period - Slapshot by Jason Demers.
6:59 of 1st period - Deflect By Jesse Joensuu.
6:59 of 1st period - Stopped by Anders Lindback without a rebound.
7:00 of 1st period - Eric Fehr wins face-off versus Brandon Prust in Predators zone.
7:07 of 1st period - Eric Gryba is hit by Eric Fehr and loses puck.
7:53 of 1st period - Jason Demers is hit by Evander Kane and loses puck.
8:21 of 1st period - Off-side.
8:22 of 1st period - Patrice Bergeron wins face-off versus Zenon Konopka in neutral zone.
8:37 of 1st period - Wrist shot by Zac Rinaldo.
8:37 of 1st period - Stopped by Anders Lindback without a rebound.
8:38 of 1st period - Patrice Bergeron wins face-off versus Jannik Hansen in Predators zone.
9:04 of 1st period - Travis Moen is hit by Patrick Maroon and loses puck.
9:47 of 1st period - Snap shot by Zac Rinaldo.
9:47 of 1st period - Shot Misses the Net.
9:55 of 1st period - Douglas Murray is hit by Damien Brunner and loses puck.
10:12 of 1st period - Ed Jovanovski is hit by Zac Rinaldo and loses puck.
10:51 of 1st period - Slapshot by Justin Abdelkader.
10:51 of 1st period - Shot Hit the Post.
11:23 of 1st period - Slapshot by Stephane Veilleux.
11:23 of 1st period - Shot Misses the Net.
11:31 of 1st period - Slapshot by Alex Goligoski.
11:31 of 1st period - Deflect By Evander Kane.
11:31 of 1st period - Stopped by Anders Lindback with a rebound.
11:33 of 1st period - Wrist shot by Jesse Joensuu.
11:33 of 1st period - Deflect By Stephane Veilleux.
11:33 of 1st period - Stopped by Anders Lindback with a rebound.
11:35 of 1st period - Snap shot by Milan Michalek.
11:35 of 1st period - Stopped by Anders Lindback without a rebound.
11:36 of 1st period - Brandon Prust wins face-off versus Corey Perry in Predators zone.
11:39 of 1st period - Snap shot by Jannik Hansen.
11:39 of 1st period - Deflect By Travis Moen.
11:39 of 1st period - Shot Blocked by Corey Perry.
11:39 of 1st period - Puck is out of play.
11:40 of 1st period - Patrice Bergeron wins face-off versus Brandon Prust in Predators zone.
12:53 of 1st period - Wrist shot by Zac Rinaldo.
12:53 of 1st period - Deflect By Bryan Bickell.
12:53 of 1st period - Deflect By Victor Bartley.
12:53 of 1st period - Shot Misses the Net.
12:53 of 1st period - Puck is out of play.
12:54 of 1st period - Antoine Vermette wins face-off versus Zenon Konopka in Predators zone.
13:07 of 1st period - Antoine Vermette is hit by Bryan Bickell and loses puck.
13:43 of 1st period - Icing by Nick Schultz.
13:44 of 1st period - Justin Abdelkader wins face-off versus Corey Perry in Predators zone.
14:09 of 1st period - Icing by Trevor Daley.
14:10 of 1st period - Patrice Bergeron wins face-off versus Zenon Konopka in Predators zone.
14:10 of 1st period - Patrice Bergeron is hit by Zac Rinaldo.
15:12 of 1st period - Wrist shot by Evander Kane.
15:12 of 1st period - Stopped by Jonas Hiller with a rebound.
15:28 of 1st period - Wrist shot by Evander Kane.
15:28 of 1st period - Shot Blocked by Douglas Murray.
15:32 of 1st period - Wrist shot by Damien Brunner.
15:32 of 1st period - Shot Blocked by Alexei Emelin.
16:04 of 1st period - Snap shot by Justin Abdelkader.
16:04 of 1st period - Stopped by Anders Lindback without a rebound.
16:05 of 1st period - Milan Michalek wins face-off versus Eric Fehr in Predators zone.
16:16 of 1st period - Off-side.
16:17 of 1st period - Milan Michalek wins face-off versus Eric Fehr in neutral zone.
16:20 of 1st period - Slapshot by Alex Goligoski.
16:20 of 1st period - Stopped by Anders Lindback with a rebound.
16:22 of 1st period - Wrist shot by Jesse Joensuu.
16:22 of 1st period - Shot Blocked by Eric Fehr.
17:38 of 1st period - Snap shot by Zac Rinaldo.
17:38 of 1st period - Shot Misses the Net.
18:31 of 1st period - Snap shot by Justin Abdelkader.
18:31 of 1st period - Shot Misses the Net.
18:33 of 1st period - Slapshot by Alex Goligoski.
18:33 of 1st period - Shot Misses the Net.
18:35 of 1st period - Slapshot by Nick Leddy.
18:35 of 1st period - Shot Misses the Net.
19:45 of 1st period - Snap shot by Valtteri Filppula.
19:45 of 1st period - Shot Blocked by Douglas Murray.
19:47 of 1st period - Slapshot by Brian Lashoff.
19:47 of 1st period - Shot Misses the Net.
19:49 of 1st period - Slapshot by Victor Bartley.
19:49 of 1st period - Deflect By Douglas Murray.
19:49 of 1st period - Stopped by Jonas Hiller with a rebound.
19:51 of 1st period - Snap shot by Victor Bartley.
19:51 of 1st period - Shot Blocked by Alexei Emelin.
19:53 of 1st period - Snap shot by Tomas Plekanec.
19:53 of 1st period - Shot Misses the Net.
Goals for this period are 0 for Predators vs 1 for RedWings.
Shots for this period are 5 for Predators vs 11 for RedWings.

2nd period


0:01 of 2nd period - Valtteri Filppula wins face-off versus Justin Abdelkader in neutral zone.
1:03 of 2nd period - Ed Jovanovski is hit by Brandon Prust and loses puck.
1:14 of 2nd period - Wrist shot by Travis Moen.
1:14 of 2nd period - Stopped by Anders Lindback with a rebound.
1:34 of 2nd period - Off-side.
1:35 of 2nd period - Eric Fehr wins face-off versus Zenon Konopka in neutral zone.
1:45 of 2nd period - Icing by Eric Gryba.
1:46 of 2nd period - Eric Fehr wins face-off versus Zenon Konopka in RedWings zone.
2:07 of 2nd period - Backhand shot by Eric Fehr.
2:07 of 2nd period - Shot Misses the Net.
2:09 of 2nd period - Slapshot by Patrick Maroon.
2:09 of 2nd period - Stopped by Jonas Hiller without a rebound.
2:10 of 2nd period - Patrice Bergeron wins face-off versus Justin Abdelkader in RedWings zone.
2:56 of 2nd period - Off-side.
2:57 of 2nd period - Antoine Vermette wins face-off versus Brandon Prust in neutral zone.
3:18 of 2nd period - Minor Penalty to Andy Greene for High sticking.
3:19 of 2nd period - Tomas Plekanec wins face-off versus Justin Abdelkader in Predators zone.
3:27 of 2nd period - Wrist shot by Justin Abdelkader.
3:27 of 2nd period - Stopped by Anders Lindback with a rebound.
3:27 of 2nd period - Anders Lindback from Predators is injured at 3:27 of 2nd period (Back).
3:27 of 2nd period - Kari Lehtonen enters game.
3:28 of 2nd period - Justin Abdelkader wins face-off versus Tomas Plekanec in Predators zone.
3:29 of 2nd period - Slapshot by Alex Goligoski.
3:29 of 2nd period - Stopped by Kari Lehtonen without a rebound.
3:30 of 2nd period - Tomas Plekanec wins face-off versus Justin Abdelkader in Predators zone.
3:30 of 2nd period - Tomas Plekanec is hit by Johnny Boychuk.
4:02 of 2nd period - Snap shot by Alex Goligoski.
4:02 of 2nd period - Shot Blocked by Trevor Daley.
4:22 of 2nd period - Victor Bartley is hit by Brandon Prust and loses puck.
4:47 of 2nd period - Snap shot by Alexei Emelin.
4:47 of 2nd period - Shot Misses the Net.
4:49 of 2nd period - Slapshot by Alexei Emelin.
4:49 of 2nd period - Stopped by Kari Lehtonen with a rebound.
5:18 of 2nd period - Penalty to Andy Greene is over, Andy Greene is back on ice.
5:51 of 2nd period - Snap shot by Patrice Bergeron.
5:51 of 2nd period - Goal by Patrice Bergeron - Predators : 1 - RedWings : 1.
5:52 of 2nd period - Patrice Bergeron wins face-off versus Zenon Konopka in neutral zone.
6:06 of 2nd period - Zenon Konopka is hit by Corey Perry and loses puck.
6:11 of 2nd period - Wrist shot by Corey Perry.
6:11 of 2nd period - Deflect By Valtteri Filppula.
6:11 of 2nd period - Shot Blocked by Alex Goligoski.
6:11 of 2nd period - Puck is out of play.
6:12 of 2nd period - Patrice Bergeron wins face-off versus Zenon Konopka in RedWings zone.
6:13 of 2nd period - Snap shot by Corey Perry.
6:13 of 2nd period - Shot Blocked by Nick Leddy.
6:15 of 2nd period - Wrist shot by Patrice Bergeron.
6:15 of 2nd period - Shot Hit the Post.
6:37 of 2nd period - Snap shot by Valtteri Filppula.
6:37 of 2nd period - Deflect By Corey Perry.
6:37 of 2nd period - Stopped by Jonas Hiller without a rebound.
6:38 of 2nd period - Antoine Vermette wins face-off versus Justin Abdelkader in RedWings zone.
6:39 of 2nd period - Slapshot by Evander Kane.
6:39 of 2nd period - Shot Misses the Net.
6:41 of 2nd period - Slapshot by Nick Schultz.
6:41 of 2nd period - Deflect By Douglas Murray.
6:41 of 2nd period - Stopped by Jonas Hiller with a rebound.
6:43 of 2nd period - Wrist shot by Antoine Vermette.
6:43 of 2nd period - Shot Misses the Net.
6:45 of 2nd period - Slapshot by Nick Schultz.
6:45 of 2nd period - Stopped by Jonas Hiller with a rebound.
6:53 of 2nd period - Snap shot by Evander Kane.
6:53 of 2nd period - Shot Misses the Net.
6:55 of 2nd period - Slapshot by Nick Schultz.
6:55 of 2nd period - Deflect By David Moss.
6:55 of 2nd period - Stopped by Jonas Hiller with a rebound.
6:57 of 2nd period - Snap shot by Trevor Daley.
6:57 of 2nd period - Deflect By Alexei Emelin.
6:57 of 2nd period - Stopped by Jonas Hiller with a rebound.
6:59 of 2nd period - Backhand shot by Evander Kane.
6:59 of 2nd period - Shot Misses the Net.
7:01 of 2nd period - Slapshot by Nick Schultz.
7:01 of 2nd period - Shot Blocked by Alexei Emelin.
7:03 of 2nd period - Snap shot by Evander Kane.
7:03 of 2nd period - Deflect By Antoine Vermette.
7:03 of 2nd period - Shot Misses the Net.
7:03 of 2nd period - Puck is out of play.
7:04 of 2nd period - Eric Fehr wins face-off versus Brandon Prust in RedWings zone.
7:13 of 2nd period - Snap shot by Alex Goligoski.
7:13 of 2nd period - Shot Blocked by Andy Greene.
7:15 of 2nd period - Snap shot by Brandon Prust.
7:15 of 2nd period - Stopped by Kari Lehtonen with a rebound.
7:17 of 2nd period - Snap shot by Johnny Boychuk.
7:17 of 2nd period - Shot Blocked by Andy Greene.
7:37 of 2nd period - Snap shot by Jannik Hansen.
7:37 of 2nd period - Shot Blocked by Andy Greene.
7:39 of 2nd period - Slapshot by Alex Goligoski.
7:39 of 2nd period - Deflect By Jannik Hansen.
7:39 of 2nd period - Stopped by Kari Lehtonen with a rebound.
8:02 of 2nd period - Snap shot by Corey Perry.
8:02 of 2nd period - Shot Blocked by Alexei Emelin.
8:04 of 2nd period - Minor Penalty to Alexei Emelin for Interference.
8:05 of 2nd period - Antoine Vermette wins face-off versus Justin Abdelkader in RedWings zone.
9:24 of 2nd period - Jannik Hansen is hit by Evander Kane and loses puck.
9:37 of 2nd period - Alex Goligoski is hit by Valtteri Filppula.
10:04 of 2nd period - Penalty to Alexei Emelin is over, Alexei Emelin is back on ice.
10:12 of 2nd period - Nick Schultz is hit by Alexei Emelin and loses puck.
11:45 of 2nd period - Douglas Murray is hit by Evander Kane and loses puck.
12:12 of 2nd period - Slapshot by Nick Leddy.
12:12 of 2nd period - Shot Misses the Net.
12:14 of 2nd period - Snap shot by Stephane Veilleux.
12:14 of 2nd period - Stopped by Kari Lehtonen with a rebound.
12:16 of 2nd period - Wrist shot by Nick Leddy.
12:16 of 2nd period - Stopped by Kari Lehtonen with a rebound.
12:18 of 2nd period - Slapshot by Alex Goligoski.
12:18 of 2nd period - Shot Blocked by Ed Jovanovski.
12:20 of 2nd period - Slapshot by Alex Goligoski.
12:20 of 2nd period - Goal by Alex Goligoski - Predators : 1 - RedWings : 2.
12:21 of 2nd period - Tomas Plekanec wins face-off versus Brandon Prust in neutral zone.
12:36 of 2nd period - Travis Moen is hit by Corey Perry and loses puck.
13:03 of 2nd period - Wrist shot by Jason Demers.
13:03 of 2nd period - Deflect By Bryan Bickell.
13:03 of 2nd period - Shot Hit the Post.
13:03 of 2nd period - Puck is out of play.
13:04 of 2nd period - Zenon Konopka wins face-off versus Eric Fehr in Predators zone.
13:19 of 2nd period - Nick Schultz is hit by Zac Rinaldo and loses puck.
13:47 of 2nd period - Alexei Emelin is hit by Nick Schultz and loses puck.
14:34 of 2nd period - Slapshot by Evander Kane.
14:34 of 2nd period - Shot Misses the Net.
15:12 of 2nd period - Slapshot by Cody Eakin.
15:12 of 2nd period - Shot Misses the Net.
15:38 of 2nd period - Slapshot by Antoine Vermette.
15:38 of 2nd period - Stopped by Jonas Hiller without a rebound.
15:39 of 2nd period - Zenon Konopka wins face-off versus Damien Brunner in RedWings zone.
15:44 of 2nd period - Nick Schultz is hit by Zenon Konopka and loses puck.
16:00 of 2nd period - Icing by Zenon Konopka.
16:01 of 2nd period - Brandon Prust wins face-off versus Eric Fehr in RedWings zone.
16:05 of 2nd period - Off-side.
16:06 of 2nd period - Eric Fehr wins face-off versus Travis Moen in neutral zone.
16:11 of 2nd period - Backhand shot by Patrick Maroon.
16:11 of 2nd period - Deflect By Eric Fehr.
16:11 of 2nd period - Stopped by Jonas Hiller with a rebound.
17:21 of 2nd period - Wrist shot by Antoine Vermette.
17:21 of 2nd period - Shot Blocked by Zenon Konopka.
17:41 of 2nd period - Trevor Daley is hit by Bryan Bickell.
17:45 of 2nd period - Zenon Konopka is hit by Tomas Plekanec and loses puck.
18:06 of 2nd period - Slapshot by Matt Halischuk.
18:06 of 2nd period - Shot Misses the Net.
18:08 of 2nd period - Slapshot by Victor Bartley.
18:08 of 2nd period - Stopped by Jonas Hiller without a rebound.
18:09 of 2nd period - Eric Fehr wins face-off versus Justin Abdelkader in RedWings zone.
18:12 of 2nd period - Slapshot by Patrick Maroon.
18:12 of 2nd period - Shot Blocked by Eric Gryba.
18:14 of 2nd period - Snap shot by Andy Greene.
18:14 of 2nd period - Stopped by Jonas Hiller with a rebound.
18:22 of 2nd period - Snap shot by Matt Halischuk.
18:22 of 2nd period - Stopped by Jonas Hiller with a rebound.
18:24 of 2nd period - Wrist shot by Eric Fehr.
18:24 of 2nd period - Deflect By David Moss.
18:24 of 2nd period - Shot Blocked by Eric Gryba.
18:24 of 2nd period - Puck is out of play.
18:25 of 2nd period - Antoine Vermette wins face-off versus Justin Abdelkader in RedWings zone.
19:10 of 2nd period - Eric Gryba is hit by Patrice Bergeron and loses puck.
19:21 of 2nd period - Slapshot by Alex Goligoski.
19:21 of 2nd period - Stopped by Kari Lehtonen with a rebound.
Goals for this period are 1 for Predators vs 1 for RedWings.
Shots for this period are 12 for Predators vs 10 for RedWings.

3rd period


0:01 of 3rd period - Valtteri Filppula wins face-off versus Justin Abdelkader in neutral zone.
0:04 of 3rd period - Wrist shot by Corey Perry.
0:04 of 3rd period - Stopped by Jonas Hiller without a rebound.
0:05 of 3rd period - Justin Abdelkader wins face-off versus Patrice Bergeron in RedWings zone.
0:37 of 3rd period - Snap shot by Justin Abdelkader.
0:37 of 3rd period - Stopped by Kari Lehtonen with a rebound.
0:39 of 3rd period - Slapshot by Alex Goligoski.
0:39 of 3rd period - Shot Blocked by Trevor Daley.
0:41 of 3rd period - Slapshot by Johnny Boychuk.
0:41 of 3rd period - Shot Hit the Post.
1:03 of 3rd period - Brian Lashoff is hit by Travis Moen and loses puck.
1:45 of 3rd period - Ed Jovanovski is hit by Brandon Prust.
1:49 of 3rd period - Wrist shot by Eric Fehr.
1:49 of 3rd period - Shot Misses the Net.
1:55 of 3rd period - Travis Moen is hit by Patrick Maroon and loses puck.
2:39 of 3rd period - Slapshot by Jason Demers.
2:39 of 3rd period - Stopped by Kari Lehtonen with a rebound.
3:11 of 3rd period - Snap shot by Jesse Joensuu.
3:11 of 3rd period - Deflect By Stephane Veilleux.
3:11 of 3rd period - Stopped by Kari Lehtonen without a rebound.
3:12 of 3rd period - Antoine Vermette wins face-off versus Justin Abdelkader in Predators zone.
3:35 of 3rd period - Slapshot by Justin Abdelkader.
3:35 of 3rd period - Shot Blocked by Antoine Vermette.
3:37 of 3rd period - Slapshot by Douglas Murray.
3:37 of 3rd period - Stopped by Kari Lehtonen with a rebound.
3:45 of 3rd period - Minor Penalty to Brian Lashoff for Interference.
3:46 of 3rd period - Justin Abdelkader wins face-off versus Tomas Plekanec in Predators zone.
4:19 of 3rd period - Wrist shot by Jannik Hansen.
4:19 of 3rd period - Shot Misses the Net.
4:21 of 3rd period - Slapshot by Alexei Emelin.
4:21 of 3rd period - Shot Misses the Net.
4:23 of 3rd period - Snap shot by Alexei Emelin.
4:23 of 3rd period - Goal by Alexei Emelin - Predators : 1 - RedWings : 3.
4:24 of 3rd period - Zenon Konopka wins face-off versus Patrice Bergeron in neutral zone.
5:00 of 3rd period - Off-side.
5:01 of 3rd period - Brandon Prust wins face-off versus Eric Fehr in neutral zone.
5:08 of 3rd period - Slapshot by Alexei Emelin.
5:08 of 3rd period - Deflect By Travis Moen.
5:08 of 3rd period - Stopped by Kari Lehtonen with a rebound.
5:10 of 3rd period - Snap shot by Brandon Prust.
5:10 of 3rd period - Stopped by Kari Lehtonen with a rebound.
5:20 of 3rd period - Snap shot by Jannik Hansen.
5:20 of 3rd period - Stopped by Kari Lehtonen with a rebound.
5:22 of 3rd period - Slapshot by Douglas Murray.
5:22 of 3rd period - Stopped by Kari Lehtonen with a rebound.
5:24 of 3rd period - Slapshot by Jannik Hansen.
5:24 of 3rd period - Deflect By Trevor Daley.
5:24 of 3rd period - Shot Blocked by Nick Schultz.
5:24 of 3rd period - Puck is out of play.
5:25 of 3rd period - Antoine Vermette wins face-off versus Justin Abdelkader in Predators zone.
6:01 of 3rd period - Icing by Evander Kane.
6:02 of 3rd period - Antoine Vermette wins face-off versus Brandon Prust in Predators zone.
6:14 of 3rd period - Off-side.
6:15 of 3rd period - Patrice Bergeron wins face-off versus Brandon Prust in neutral zone.
6:34 of 3rd period - Snap shot by Jannik Hansen.
6:34 of 3rd period - Stopped by Kari Lehtonen without a rebound.
6:35 of 3rd period - Patrice Bergeron wins face-off versus Justin Abdelkader in Predators zone.
6:58 of 3rd period - Slapshot by David Moss.
6:58 of 3rd period - Shot Blocked by Brian Lashoff.
7:00 of 3rd period - Wrist shot by David Moss.
7:00 of 3rd period - Stopped by Kari Lehtonen with a rebound.
7:26 of 3rd period - Slapshot by Nick Leddy.
7:26 of 3rd period - Deflect By Bryan Bickell.
7:26 of 3rd period - Stopped by Kari Lehtonen with a rebound.
7:28 of 3rd period - Wrist shot by Zenon Konopka.
7:28 of 3rd period - Shot Misses the Net.
7:30 of 3rd period - Snap shot by Zac Rinaldo.
7:30 of 3rd period - Stopped by Kari Lehtonen without a rebound.
7:31 of 3rd period - Zenon Konopka wins face-off versus Eric Fehr in Predators zone.
7:38 of 3rd period - Snap shot by Zac Rinaldo.
7:38 of 3rd period - Shot Misses the Net.
7:40 of 3rd period - Slapshot by Douglas Murray.
7:40 of 3rd period - Shot Blocked by Nick Schultz.
7:42 of 3rd period - Wrist shot by Douglas Murray.
7:42 of 3rd period - Shot Misses the Net.
7:44 of 3rd period - Snap shot by Alexei Emelin.
7:44 of 3rd period - Goal by Alexei Emelin - Predators : 1 - RedWings : 4.
7:45 of 3rd period - Brandon Prust wins face-off versus Antoine Vermette in neutral zone.
7:59 of 3rd period - Minor Penalty to Brandon Prust for Hooking.
8:00 of 3rd period - Milan Michalek wins face-off versus Antoine Vermette in RedWings zone.
8:12 of 3rd period - Alex Goligoski is hit by Victor Bartley and loses puck.
8:31 of 3rd period - Slapshot by Alex Goligoski.
8:31 of 3rd period - Shot Misses the Net.
9:15 of 3rd period - Douglas Murray is hit by Eric Fehr and loses puck.
9:57 of 3rd period - Slapshot by Patrice Bergeron.
9:57 of 3rd period - Stopped by Jonas Hiller without a rebound.
9:58 of 3rd period - David Moss wins face-off versus Patrice Bergeron in RedWings zone.
9:59 of 3rd period - Penalty to Brandon Prust is over, Brandon Prust is back on ice.
10:03 of 3rd period - Trevor Daley is hit by Alex Goligoski and loses puck.
11:05 of 3rd period - Wrist shot by Zac Rinaldo.
11:05 of 3rd period - Stopped by Kari Lehtonen without a rebound.
11:06 of 3rd period - Antoine Vermette wins face-off versus Brandon Prust in Predators zone.
11:48 of 3rd period - Jesse Joensuu is hit by Patrick Maroon and loses puck.
12:05 of 3rd period - Andy Greene is hit by Stephane Veilleux and loses puck.
12:18 of 3rd period - Slapshot by Cody Eakin.
12:18 of 3rd period - Shot Blocked by Douglas Murray.
12:20 of 3rd period - Snap shot by Cody Eakin.
12:20 of 3rd period - Stopped by Jonas Hiller without a rebound.
12:21 of 3rd period - Patrice Bergeron wins face-off versus Bryan Bickell in RedWings zone.
12:30 of 3rd period - Wrist shot by Valtteri Filppula.
12:30 of 3rd period - Shot Misses the Net.
12:36 of 3rd period - Snap shot by Valtteri Filppula.
12:36 of 3rd period - Stopped by Jonas Hiller with a rebound.
12:38 of 3rd period - Slapshot by Patrice Bergeron.
12:38 of 3rd period - Shot Misses the Net.
12:56 of 3rd period - Slapshot by Alex Goligoski.
12:56 of 3rd period - Stopped by Kari Lehtonen with a rebound.
12:58 of 3rd period - Slapshot by Alex Goligoski.
12:58 of 3rd period - Stopped by Kari Lehtonen with a rebound.
13:04 of 3rd period - Minor Penalty to Evander Kane for Hooking.
13:05 of 3rd period - Antoine Vermette wins face-off versus Brandon Prust in Predators zone.
13:30 of 3rd period - Slapshot by Alex Goligoski.
13:30 of 3rd period - Shot Misses the Net.
13:32 of 3rd period - Slapshot by Johnny Boychuk.
13:32 of 3rd period - Shot Blocked by Antoine Vermette.
13:34 of 3rd period - Slapshot by Johnny Boychuk.
13:34 of 3rd period - Goal by Johnny Boychuk - Predators : 1 - RedWings : 5.
13:35 of 3rd period - Justin Abdelkader wins face-off versus Patrick Maroon in neutral zone.
13:58 of 3rd period - Douglas Murray is hit by Nick Schultz.
14:06 of 3rd period - Snap shot by Patrick Maroon.
14:06 of 3rd period - Deflect By Matt Halischuk.
14:06 of 3rd period - Stopped by Jonas Hiller with a rebound.
14:08 of 3rd period - Snap shot by Trevor Daley.
14:08 of 3rd period - Stopped by Jonas Hiller without a rebound.
14:09 of 3rd period - Brandon Prust wins face-off versus Patrice Bergeron in RedWings zone.
14:20 of 3rd period - Snap shot by Jannik Hansen.
14:20 of 3rd period - Shot Misses the Net.
14:46 of 3rd period - Slapshot by Valtteri Filppula.
14:46 of 3rd period - Shot Misses the Net.
14:53 of 3rd period - Icing by Johnny Boychuk.
14:54 of 3rd period - Antoine Vermette wins face-off versus Brandon Prust in RedWings zone.
15:41 of 3rd period - Nick Schultz is hit by Alex Goligoski and loses puck.
16:09 of 3rd period - Slapshot by Ed Jovanovski.
16:09 of 3rd period - Stopped by Jonas Hiller with a rebound.
16:25 of 3rd period - Snap shot by Bryan Bickell.
16:25 of 3rd period - Stopped by Kari Lehtonen without a rebound.
16:26 of 3rd period - Patrice Bergeron wins face-off versus Milan Michalek in Predators zone.
16:33 of 3rd period - Slapshot by Stephane Veilleux.
16:33 of 3rd period - Shot Misses the Net.
16:35 of 3rd period - Snap shot by Jason Demers.
16:35 of 3rd period - Shot Misses the Net.
16:44 of 3rd period - Minor Penalty to Corey Perry for Tripping.
16:45 of 3rd period - Tomas Plekanec wins face-off versus Brandon Prust in Predators zone.
16:45 of 3rd period - Tomas Plekanec is hit by Alexei Emelin.
17:00 of 3rd period - Slapshot by Jannik Hansen.
17:00 of 3rd period - Stopped by Kari Lehtonen without a rebound.
17:01 of 3rd period - Brandon Prust wins face-off versus Tomas Plekanec in Predators zone.
18:44 of 3rd period - Penalty to Corey Perry is over, Corey Perry is back on ice.
18:59 of 3rd period - Johnny Boychuk is hit by Andy Greene and loses puck.
19:15 of 3rd period - Minor Penalty to Justin Abdelkader for Hooking.
19:16 of 3rd period - Antoine Vermette wins face-off versus Milan Michalek in RedWings zone.
Goals for this period are 0 for Predators vs 3 for RedWings.
Shots for this period are 7 for Predators vs 20 for RedWings.


Output by the SimonT Hockey Simulator (STHS) for Eric Dolegowski -- Original Page W3C XHTML 1.0 Valid
Hockey Simulator - Hockey Simulation - Hockey Manager